 Dungeon Crawl Stone Soup version 0.28-a0-845-gfc338a8e3c (webtiles) character file.

Game seed: 4123584850073777332

104 marklar909 the Skirmisher (level 4, -2/39 HPs)
             Began as a Palentonga Abyssal Knight on Nov 13, 2021.
             Was a Believer of Lugonu.
             Slain by a meliai zombie (7 damage)
             ... on level 6 of the Dungeon.
             The game lasted 00:03:09 (2899 turns).

marklar909 the Skirmisher (PaAK)                    Turns: 2899, Time: 00:03:10

Health: -2/39      AC:  6    Str: 17    XL:     4   Next: 52%
Magic:  6/6        EV:  8    Int: 11    God:    Lugonu [**....]
Gold:   103        SH:  0    Dex: 10    Spells: 3/3 levels left

rFire   + . .      SeeInvis +   a - +1 mace
rCold   . . .      Faith    .   (no shield)
rNeg    . . .      Spirit   .   j - +0 ring mail
rPois   .          Reflect  .   (no helmet)
rElec   .          Harm     .   (no cloak)
rCorr   .          Rampage  .   (no gloves)
Will    .....                   (no barding)
Stlth   +.........              (no amulet)
HPRegen 0.13/turn               d - ring of protection from fire
MPRegen 0.10/turn               (no ring)

@: about to teleport
A: large, rugged brown scales 3, see invisible, deformed body, roll 1, armoured
tail
a: Rolling Charge, Renounce Religion, Depart the Abyss, Bend Space


You were on level 6 of the Dungeon.
You worshipped Lugonu.
Lugonu was pleased with you.
You visited 1 branch of the dungeon, and saw 4 of its levels.
You visited the Abyss 1 time.

You collected 103 gold pieces.

Inventory:

Hand Weapons
 a - a +1 mace (weapon)
Armour
 j - a +0 ring mail (worn)
Jewellery
 d - a ring of protection from fire (left hand)
Scrolls
 b - a scroll of fog {unknown}
 c - a scroll of identify {unknown}
 g - a scroll of magic mapping {unknown}
 i - a scroll of summoning {unknown}
 k - a scroll of noise {unknown}
Potions
 e - a potion of lignification {unknown}
 f - a potion of mutation {unknown}


   Skills:
 + Level 3.9 Fighting
 + Level 2.6 Maces & Flails
 + Level 2.3 Armour
 + Level 1.1 Dodging
 + Level 0.2 Stealth
 * Level 2.8 Invocations


You had 3 spell levels left.
You didn't know any spells.
Your spell library was empty.

Dungeon Overview and Level Annotations

Branches:
Dungeon (3/15)

Altars:


Innate Abilities, Weirdness & Mutations

You are completely covered in rugged brown scales. (AC +3, +7% HP)
You have supernaturally acute eyesight. (SInv)
Armour fits poorly on your strangely shaped body.
You can roll at nearby foes to attack.
You have a long armoured tail.


Message History

The giant cockroach is almost dead.
The giant cockroach waves its antennae.
The giant cockroach bites you but does no damage. x2
You completely miss the giant cockroach.
The giant cockroach is almost dead.
The giant cockroach completely misses you.
A giant cockroach is nearby!
A giant cockroach is nearby!
You hit the giant cockroach.
You kill the giant cockroach!
Lugonu accepts your kill.
Found a dagger.
No target in view!
Found a robe.
No target in view!
k - a scroll labelled VECOUN WISK No target in view!
You see here a +0 robe.
Found 3 boomerangs.
No target in view!
Found 21 stones.
No target in view!
You fall into a shaft and drop 3 floors!
The shaft crumbles and collapses.
Found a ring mail.
A meliai zombie comes into view.
Found an emerald potion.
The meliai zombie hits you. x2
A meliai zombie is nearby!
As you read the scroll of teleportation, it crumbles to dust.
You feel strangely unstable. The meliai zombie hits you!
The meliai zombie hits you but does no damage.
The meliai zombie hits you! The meliai zombie hits you.
* * * LOW HITPOINT WARNING * * *
The meliai zombie hits you.
* * * LOW HITPOINT WARNING * * *
The meliai zombie hits you but does no damage.
Found a stone staircase leading down.
The meliai zombie hits you but does no damage.
The meliai zombie hits you!
You die...

#.....# ..
#.#######.....# ...
#.#...........#
...>#.#.#####.....#
.#!.#.#.# #.....#
......#.# #######
#...# #.##Z.#
#...@[# ####.## #..
####


You could see a meliai zombie.

Vanquished Creatures
  An orc wizard (D:3)
  3 adders (D:2)
  4 orcs
  5 bats
  An endoplasm (D:2)
  3 giant cockroaches
  4 goblins
  4 hobgoblins
  3 quokkas
  2 ball pythons (D:1)
  3 frilled lizards
  7 kobolds (D:1)
  A quokka skeleton (D:2)
  9 rats
50 creatures vanquished.

Notes
Turn   | Place    | Note
-------+----------+-------------------------------------------
     0 | Abyss:1  | marklar909 the Palentonga Abyssal Knight began the quest
                  | for the Orb.
     0 | Abyss:1  | Reached XP level 1. HP: 19/19 MP: 2/2
   119 | D:1      | Escaped the Abyss
   545 | D:1      | Reached XP level 2. HP: 25/25 MP: 3/3
   894 | D:1      | You fall into a shaft and drop 1 floor!
  1378 | D:1      | Reached ** piety under Lugonu
  1624 | D:1      | Reached XP level 3. HP: 26/32 MP: 4/4
  2256 | D:2      | Reached skill level 1 in Dodging
  2369 | D:2      | Found a faded altar of an unknown god.
  2393 | D:2      | Reached XP level 4. HP: 37/39 MP: 5/5
  2882 | D:3      | You fall into a shaft and drop 3 floors!
  2896 | D:6      | Noticed a meliai zombie
  2899 | D:6      | Slain by a meliai zombie

Illustrated notes

Levels and vault maps discovered:
D:1:      dpeg_arrival_three_same_balls, layout_basic
D:2:      layout_basic, hellmonk_ecumenical_altar_inner_sanctum,
          palyth_stone_intersect
D:3:      layout_loops_cross, gammafunk_temple_overflow_wave,
          serial_co_window_serial, co_window_of_opportunity_a,
          co_window_paths_b, co_window_paths_a, co_window_paths_b,
          co_window_paths_a, co_window_of_opportunity_b, co_window_2corner,
          co_window_corner_b, glass_columns_a, glass_columns_a
D:6:      layout_loops_cross, minmay_fractal_squares_diagonal_5

Skill      XL: |  1  2  3 |
---------------+----------+-----
Armour         | 2 |  2.3
Dodging        | 1 |  1.1
Fighting       | |  3.9
Maces & Flails | |  2.6
Stealth        | |  0.2
Invocations    | |  2.8

Action                   |  1- 3 |  4- 6 || total
-------------------------+-------+-------++-------
Melee: Mace              |   119 |    35 ||   154
       Tailslap          |     9 |     2 ||    11
  Use: Scroll            |     1 |     1 ||     2
Armor: Leather armour    |    50 |       ||    50
       Ring mail         |    24 |    27 ||    51
Dodge: Dodged            |    53 |    15 ||    68

Table legend: (Time is in decaauts)
 A = Elapsed time spent in this place.
 B = Non-inter-level travel time spent in this place.
 C = Inter-level travel time spent in this place.
 D = Time resting spent in this place.
 E = Time spent auto-exploring this place.
 F = Levels seen in this place.
 G = Mean time per level.
                   A        B        C        D        E       F      G
               +--------+--------+--------+--------+--------+-----+--------+
         Total |   2942 |   2851 |     91 |    643 |   1636 |   5 |  588.4 |
       Dungeon |   2823 |   2732 |     91 |    643 |   1616 |   4 |  705.8 |
         Abyss |    119 |    119 |      0 |      0 |     20 |   1 |  119.0 |
               +--------+--------+--------+--------+--------+-----+--------+

Top non-repeatable levels by time:
     D:1: 1356 daAuts
     D:2: 1080 daAuts
     D:3: 370 daAuts
 Abyss:1: 119 daAuts
     D:6: 16 daAuts
